[Event "Late-Titled-Tuesday-Blitz-September-26-2023"]
[Site "Chess.com"]
[Date "2023.09.26"]
[Round "7"]
[White "cristiano78"]
[Black "elpatodice"]
[Result "0-1"]
[WhiteElo "2246"]
[BlackElo "2449"]
[TimeControl "180+1"]
[EndTime "15:12:45 PDT"]
[Termination "elpatodice won by resignation"]

1. d4 Nf6 2. c4 e6 3. Nf3 d5 4.
Nc3 dxc4 5. Bg5 Bb4 6. e4 c5 7. Bxc4 cxd4 8. Nxd4 Qa5 9. Bb5+ Bd7 10. Bxf6 gxf6 11. Bxd7+ Nxd7 12. O-O Bxc3 13. bxc3 O-O-O 14. Qf3 Qg5 15. Qh3 h5 16. f4 Qg4 17. Qxg4 hxg4 18. Rfd1 Nc5 19. e5 f5 20. Nb5 Ne4 21. Nxa7+ Kc7 22.
Nb5+ Kc6 23. Nd6 Nxd6 24. exd6 Rxd6 25. Rd4 Rxd4 26. cxd4 Ra8 27. Rc1+ Kd5 28. Rc7 b5 29.
Rxf7 Rxa2 30. Rd7+ Kc4 31. Rd6 b4 32. Rxe6 b3 33. Rb6 b2 0-1

[Event "Late-Titled-Tuesday-Blitz-September-26-2023"]
[Site "Chess.com"]
[Date "2023.09.26"]
[Round "7"]
[White "alexrustemov"]
[Black "Berardino"]
[Result "1-0"]
[WhiteElo "2879"]
[BlackElo "2634"]
[TimeControl "180+1"]
[EndTime "15:12:52 PDT"]
[Termination "alexrustemov won by resignation"]

1. d4 Nf6 2. Bg5 e6 3. e3 d5 4. Nd2 Be7 5. c3 b6 6. f4 O-O 7.
Ngf3 c5 8. Ne5 Nfd7 9. Bxe7 Qxe7 10. Bd3 Ba6 11. Bxa6 Nxa6 12. O-O Nab8 13. Qh5 f6 14.
Nd3 Nc6 15. Rae1 e5 16. dxe5 fxe5 17. e4 Nf6 18. Qh4 Rad8 19. Nxe5 Nxe5 20. fxe5 Qxe5 21. Nf3 Qc7 22. e5 Ne4 23. c4 g5 24. Nxg5 Rxf1+ 25. Rxf1 Nxg5 26. Qxg5+ Kh8 27. Qf6+ Kg8 28. Rf3 1-0

[Event "Late-Titled-Tuesday-Blitz-September-26-2023"]
[Site "Chess.com"]
[Date "2023.09.26"]
[Round "7"]
[White "Inepton_Fermion"]
[Black "Saif_Malek04"]
[Result "0-1"]
[WhiteElo "2363"]
[BlackElo "2576"]
[TimeControl "180+1"]
[EndTime "15:13:05 PDT"]
[Termination "Saif_Malek04 won by resignation"]

1. Nf3 c6 2. b3 d6 3. Bb2 Nd7 4. d4 Ngf6 5. g3 g6 6. Bg2 Bg7 7. O-O O-O 8. c4 Qc7 9. Nc3 e5 10.
e4 Re8 11. Re1 Nf8 12. h3 h6 13. Qd2 g5 14. d5 c5 15. Nd1 g4 16. hxg4 Nxg4 17.
Ne3 Nxe3 18. Qxe3 f5 19. exf5 Bxf5 20. Nh4 Bh7 21. Be4 Qf7 22. Bxh7+ Nxh7 23. Rf1 Qh5 24. Qe4 Ng5 25. Qg6 Qg4 26. Kg2 Rf8 27.
f3 Qh3+ 28. Kf2 Qh2+ 29. Ke3 Qxb2 30. Nf5 Qc3+ 31. Kf2 Qc2+ 32. Kg1 Qxf5 0-1

[Event "Late-Titled-Tuesday-Blitz-September-26-2023"]
[Site "Chess.com"]
[Date "2023.09.26"]
[Round "7"]
[White "Sokoloco"]
[Black "Jaka_Brilej"]
[Result "1-0"]
[WhiteElo "2698"]
[BlackElo "2514"]
[TimeControl "180+1"]
[EndTime "15:13:08 PDT"]
[Termination "Sokoloco won by resignation"]

1. b3 d5 2. Bb2 Bg4 3. h3 Bh5 4. Nf3 Nd7 5. e3 e6 6. Be2 Ngf6 7. d4 Bd6 8. Nbd2 O-O 9. Ne5 Bxe2 10. Qxe2 c5 11.
f4 Ne8 12. Ndf3 f6 13. Nxd7 Qxd7 14. g4 Rc8 15. dxc5 Bxc5 16. O-O-O Qe7 17. Kb1 Ba3 18. Ba1 Nd6 19. g5 Ne4 20. gxf6 gxf6 21. Nh4 Kh8 22. Rhg1 Qc7 23. c4 Qf7 24. cxd5 exd5 25. Nf5 Rg8 26.
Nh6 Qc7 27. Rxg8+ Rxg8 28. Nxg8 Kxg8 29. Qc2 Qd7 30. Qxe4 1-0

[Event "Late-Titled-Tuesday-Blitz-September-26-2023"]
[Site "Chess.com"]
[Date "2023.09.26"]
[Round "7"]
[White "The_Straightforward_Rook"]
[Black "tdf98pantani"]
[Result "0-1"]
[WhiteElo "2531"]
[BlackElo "2700"]
[TimeControl "180+1"]
[EndTime "15:13:19 PDT"]
[Termination "tdf98pantani won by resignation"]

1. d4 Nf6 2. c4 g6 3. h4 c5 4.
d5 b5 5. cxb5 a6 6. e3 h5 7. Nc3 Bg7 8. a4 O-O 9. Nf3 d6 10. Ra3 Bg4 11. Be2 Nbd7 12. O-O Bxf3 13. Bxf3 Ne5 14. Be2 axb5 15. Bxb5 Qc8 16. f3 Nfd7 17.
e4 c4 18. Be3 Nc5 19. Kh2 Ned3 20. Qe2 Rb8 21. Rb1 f5 22. Bxc4 fxe4 23. fxe4 Be5+ 24.
Kh1 Nf4 25. Bxf4 Rxf4 26. Qe1 Rb4 27. Ne2 Rxe4 28. Qxb4 Qg4 29. Qb8+ Kg7 30. Bb5 Rxe2 31. Bxe2 Qxe2 32. Rf3 Bf6 33. Qb5 Qe4 34. Qd3 Nxd3 0-1

[Event "Late-Titled-Tuesday-Blitz-September-26-2023"]
[Site "Chess.com"]
[Date "2023.09.26"]
[Round "7"]
[White "dadice10"]
[Black "elcala"]
[Result "1-0"]
[WhiteElo "2242"]
[BlackElo "1718"]
[TimeControl "180+1"]
[EndTime "15:13:23 PDT"]
[Termination "dadice10 won by resignation"]

1. e4 d5 2. exd5 Qxd5 3. Nc3 Qd6 4. d4 Nf6 5. Nf3 a6 6. g3 Bg4 7. Bg2 e6 8. h3 Bxf3 9. Qxf3 Nc6 10. Be3 O-O-O 11.
O-O-O Nd5 12. Nxd5 Qxd5 13. Qxd5 exd5 14. c3 Be7 15.
Rhe1 Rhe8 16. Bf4 g5 17. Bd2 h6 18. Kc2 Rg8 19. f4 f6 20. g4 Rg7 21. Bf3 Bf8 22.
Re6 Rd6 23. Rxd6 Bxd6 24. Bxd5 Bxf4 25. Bxf4 gxf4 26. Rf1 Kd7 27. Rxf4 Rg6 28. Bxc6+ Kxc6 29. Rf5 Kd6 30. Kd3 Ke6 31. Rh5 b6 32. Ke4 c6 33.
c4 b5 34. b3 Kf7 35. Rc5 f5+ 36. Kxf5 Rg5+ 37. Kf4 Rxc5 38. dxc5 Kf6 39. cxb5 axb5 40. a4 1-0

[Event "Late-Titled-Tuesday-Blitz-September-26-2023"]
[Site "Chess.com"]
[Date "2023.09.26"]
[Round "7"]
[White "carloseduar100"]
[Black "szachmistrz2500"]
[Result "0-1"]
[WhiteElo "2316"]
[BlackElo "2447"]
[TimeControl "180+1"]
[EndTime "15:13:28 PDT"]
[Termination "szachmistrz2500 won by resignation"]

1. d4 Nf6 2. Bg5 e6 3. e4 h6 4. Bxf6 Qxf6 5. c3 d6 6. Nf3 e5 7. dxe5 dxe5 8. Qd5 Bd6 9. Nbd2 c6 10. Qb3 O-O 11. Nc4 Bc7 12. O-O-O Na6 13. Ne3 b5 14. Be2 Nc5 15. Qc2 Be6 16. Kb1 a5 17. Rhe1 a4 18. g4 Rfd8 19. Nf5 Bb6 20. Rxd8+ Rxd8 21. Rd1 Rxd1+ 22. Bxd1 Kh7 23. h4 g6 24. g5 hxg5 25.
Nxg5+ Kg8 26. Ne3 Qf4 27. Nxe6 Nxe6 28. h5 Bxe3 29. fxe3 Qxe3 30. hxg6 fxg6 31. Qg2 Nf4 32. Qf1 Qd3+ 33. Bc2 Qxf1+ 0-1

[Event "Late-Titled-Tuesday-Blitz-September-26-2023"]
[Site "Chess.com"]
[Date "2023.09.26"]
[Round "7"]
[White "Cmorales2001"]
[Black "stregachess"]
[Result "1-0"]
[WhiteElo "2430"]
[BlackElo "2089"]
[TimeControl "180+1"]
[EndTime "15:13:33 PDT"]
[Termination "Cmorales2001 won by resignation"]

1. e4 c5 2. Nf3 d6 3. Bb5+ Bd7 4. Bxd7+ Nxd7 5. O-O Ngf6 6. Re1 g6 7. c3 Bg7 8. d4 cxd4 9. cxd4 O-O 10. Nc3 Rc8 11. Bg5 h6 12. Bd2 Nb6 13. b3 Kh7 14. Qe2 Re8 15.
e5 Nfd5 16. Nxd5 Nxd5 17. e6 f6 18. Qd3 f5 19. h4 Rg8 20. h5 Qe8 21. Nh4 Bf6 22.
Nxg6 Rxg6 23. Qxf5 Nb6 24. Rac1 Kg7 25. hxg6 Qxg6 26. Qxg6+ Kxg6 27. Rxc8 Nxc8 28. Rc1 Nb6 29. Rc7 Bxd4 30. Rxe7 Kf6 31. Rxb7 Nd5 32. Bxh6 Kxe6 33. Bd2 Nf6 34. Kf1 a6 35. Ke2 Nd5 36. f4 Kf5 37. Kf3 Nf6 38. Re7 Nd5 39. g4+ Kf6 40. Rb7 Ke6 41. Ke4 Bc5 42. f5+ 1-0

[Event "Late-Titled-Tuesday-Blitz-September-26-2023"]
[Site "Chess.com"]
[Date "2023.09.26"]
[Round "7"]
[White "Dubs123"]
[Black "Taran2004"]
[Result "0-1"]
[WhiteElo "2353"]
[BlackElo "2452"]
[TimeControl "180+1"]
[EndTime "15:13:34 PDT"]
[Termination "Taran2004 won by resignation"]

1. d4 Nf6 2. c4 c5 3. d5 b5 4.
cxb5 a6 5. e3 d6 6. Nc3 g6 7. a4 Bg7 8. e4 O-O 9. Nf3 axb5 10. Bxb5 Ba6 11. Bd2 Qb6 12. O-O Nbd7 13. Re1 Bxb5 14. axb5 Ng4 15. Qe2 Rfb8 16. h3 Nge5 17.
Nxe5 Bxe5 18. f4 Bg7 19. Kh1 Nf6 20. Ra6 Rxa6 21. bxa6 Qxb2 22. Rb1 Qxb1+ 23. Nxb1 Rxb1+ 24. Kh2 Ra1 25. Bc3 Ra3 26. Bxf6 Bxf6 27. Qb5 c4 28. Qxc4 Kg7 29. Qb5 Bd4 30. Qb4 Rd3 31. Qa4 Ba7 32.
Qd7 Bd4 33. Qxe7 h5 34. Qxd6 h4 35. f5 Bf2 36. a7 Bg3+ 0-1

[Event "Late-Titled-Tuesday-Blitz-September-26-2023"]
[Site "Chess.com"]
[Date "2023.09.26"]
[Round "7"]
[White "Zavgorodniy_Sergiy"]
[Black "traack"]
[Result "1/2-1/2"]
[WhiteElo "2575"]
[BlackElo "2403"]
[TimeControl "180+1"]
[EndTime "15:13:36 PDT"]
[Termination "Game drawn by repetition"]

1. d4 Nf6 2. c4 e6 3. Nf3 d5 4.
e3 Be7 5. Nbd2 O-O 6. Bd3 b6 7. O-O Bb7 8. Qe2 Nbd7 9. e4 dxe4 10. Nxe4 Nxe4 11. Bxe4 Bxe4 12. Qxe4 Nf6 13. Qe2 c5 14.
Rd1 Qc7 15. b3 Rfd8 16. Bb2 Rac8 17. Rd3 h6 18. Rad1 Rd7 19. Ne5 Rdd8 20. h3 cxd4 21. Bxd4 a6 22. a4 Qb7 23. Kf1 b5 24. axb5 axb5 25. Ba1 Rxd3 26. Qxd3 bxc4 27. bxc4 Rd8 28.
Qe2 Rxd1+ 29. Qxd1 Qa6 30. Kg1 Ne4 31. Bd4 Bf6 32. Qf3 Nd2 33. Qh5 Nxc4 34. Qxf7+ Kh7 35. Qg6+ Kg8 36. Qe8+ Kh7 37. Qg6+ Kg8 38. Qf7+ Kh7 39. Qg6+ 1/2-1/2

[Event "Late-Titled-Tuesday-Blitz-September-26-2023"]
[Site "Chess.com"]
[Date "2023.09.26"]
[Round "7"]
[White "Korchmar_Vasiliy"]
[Black "jcibarra"]
[Result "0-1"]
[WhiteElo "2685"]
[BlackElo "2947"]
[TimeControl "180+1"]
[EndTime "15:13:37 PDT"]
[Termination "jcibarra won by resignation"]

1. e4 c5 2. d4 cxd4 3. Qxd4 Nc6 4. Qd3 e6 5. Nc3 Nf6 6. Bf4 d5 7. exd5 Nxd5 8. Nxd5 exd5 9. O-O-O Be6 10. Nf3 Bc5 11. Ng5 Qf6 12. Nxe6 fxe6 13. Be3 Bxe3+ 14. Qxe3 O-O 15.
f3 Rac8 16. Kb1 Rfd8 17. Bd3 a6 18. f4 Nb4 19. Rhe1 Rd6 20. g3 Rdc6 21. c3 Nxd3 22.
Qxd3 b5 23. Re5 h6 24. Rde1 Rb6 25. Rxe6 Rxe6 26. Qxd5 Re8 27. f5 Qd8 28. Qb3 Qd3+ 29. Ka1 Qxf5 0-1

[Event "Late-Titled-Tuesday-Blitz-September-26-2023"]
[Site "Chess.com"]
[Date "2023.09.26"]
[Round "7"]
[White "NigelDwarf"]
[Black "RebecaJimnz"]
[Result "0-1"]
[WhiteElo "2520"]
[BlackElo "2218"]
[TimeControl "180+1"]
[EndTime "15:13:46 PDT"]
[Termination "RebecaJimnz won by resignation"]

1. e4 g6 2. d4 Bg7 3. Nc3 d6 4. Be3 Nf6 5. f3 a6 6. Nge2 b5 7. Qd2 Bb7 8. g4 Nbd7 9. Nd1 c5 10. c3 cxd4 11. cxd4 e6 12. h4 Nb6 13. Ng3 Rc8 14. h5 Nc4 15. Bxc4 Rxc4 16. h6 Bf8 17. b3 Rc8 18. a4 b4 19. Qxb4 Qc7 20. Rc1 d5 21.
Qxf8+ Rxf8 22. Rxc7 Rxc7 23. e5 Nd7 24. f4 a5 25. Ne2 Ba6 26. Ndc3 Rb7 27. Kd2 Rxb3 28. Rc1 Nb6 29. Nb5 Nc4+ 30. Rxc4 dxc4 31. Nc7+ Kd7 32. Nxa6 Rd3+ 33. Ke1 Rxe3 34. Nc5+ Kc6 35. Kd2 Ra3 36. Ne4 Rb8 37. Nf6 Rb2+ 38. Ke1 Re3 0-1

[Event "Late-Titled-Tuesday-Blitz-September-26-2023"]
[Site "Chess.com"]
[Date "2023.09.26"]
[Round "7"]
[White "AradNazari"]
[Black "OparinGrigoriy"]
[Result "0-1"]
[WhiteElo "2790"]
[BlackElo "2985"]
[TimeControl "180+1"]
[EndTime "15:13:51 PDT"]
[Termination "OparinGrigoriy won by resignation"]

1. e4 c5 2. Nf3 e6 3. d4 cxd4 4. Nxd4 Nf6 5. Nc3 Nc6 6. Nxc6 bxc6 7. e5 Nd5 8. Ne4 Qc7 9. f4 Qb6 10. c4 Ne3 11. Qd3 Bb4+ 12. Ke2 Nf5 13. a3 Be7 14. b4 c5 15. g4 Nd4+ 16. Kf2 Bb7 17. Be3 O-O 18.
Bxd4 cxd4 19. Bg2 f6 20. exf6 Bxf6 21. Kg3 Be7 22. Rhf1 d5 23. cxd5 exd5 24. Nd2 Rac8 25. Rf3 Rc3 26. Qe2 Bd6 27. Qe6+ Kh8 28. Kh3 Bc8 29.
Qxd5 Bxf4 30. Ne4 Qh6+ 0-1

[Event "Late-Titled-Tuesday-Blitz-September-26-2023"]
[Site "Chess.com"]
[Date "2023.09.26"]
[Round "7"]
[White "WindWhistler11"]
[Black "Agibileg"]
[Result "0-1"]
[WhiteElo "2469"]
[BlackElo "2682"]
[TimeControl "180+1"]
[EndTime "15:13:51 PDT"]
[Termination "Agibileg won on time"]

1. Nf3 Nf6 2. g3 g6 3. Bg2 Bg7 4. O-O O-O 5. d3 d5 6. Nbd2 c5 7. e4 Nc6 8. c3 e5 9. exd5 Nxd5 10. Re1 Re8 11. a4 Be6 12. Qc2 Qc7 13. Nc4 h6 14. Bd2 Rad8 15. Re2 b6 16. Rae1 Bf5 17. Nh4 Bg4 18.
f3 Be6 19. f4 exf4 20. Bxd5 Rxd5 21. Bxf4 Qd7 22. Nf3 Rd8 23. d4 cxd4 24. cxd4 Nxd4 25. Nxd4 Bxd4+ 26. Kg2 Bh3+ 27. Kh1 Bg4 28. Kg2 Rc5 29. b4 Bxe2 30. bxc5 Qd5+ 31. Kh3 Qh5+ 32. Kg2 Bf3+ 0-1

[Event "Late-Titled-Tuesday-Blitz-September-26-2023"]
[Site "Chess.com"]
[Date "2023.09.26"]
[Round "7"]
[White "ozates"]
[Black "bylavochka"]
[Result "1-0"]
[WhiteElo "2533"]
[BlackElo "2281"]
[TimeControl "180+1"]
[EndTime "15:13:51 PDT"]
[Termination "ozates won by checkmate"]

1. c4 c5 2. Nc3 Nc6 3. g3 g6 4. Bg2 Bg7 5. e4 e6 6. Nge2 Nge7 7. O-O O-O 8. d3 d6 9. Be3 Nd4 10. Qd2 Re8 11. Bh6 Bh8 12. Nxd4 Bxd4 13. Ne2 Bh8 14.
f4 Rb8 15. a4 Qb6 16. Rab1 Qb3 17. Nc3 a6 18. g4 Bd7 19. f5 Nc6 20. f6 Ne5 21. g5 Bxa4 22. h4 Bc6 23. h5 b5 24.
hxg6 hxg6 25. cxb5 axb5 26. Rbd1 b4 27. Ne2 Bb5 28.
Nf4 c4 29. d4 c3 30. bxc3 bxc3 31. Qf2 Bxf1 32. Rxf1 Ng4 33. Qh4 Nxh6 34. Qxh6 Qb2 35.
Nxg6 Bxf6 36. gxf6 Qxg2+ 37. Kxg2 fxg6 38. f7# 1-0

[Event "Late-Titled-Tuesday-Blitz-September-26-2023"]
[Site "Chess.com"]
[Date "2023.09.26"]
[Round "7"]
[White "leoduarte"]
[Black "laskakid"]
[Result "0-1"]
[WhiteElo "2466"]
[BlackElo "2331"]
[TimeControl "180+1"]
[EndTime "15:13:51 PDT"]
[Termination "laskakid won by checkmate"]

1. d4 Nf6 2. Nf3 g6 3. Bf4 Bg7 4. h3 O-O 5. e3 d6 6. Be2 b6 7. O-O Bb7 8. a4 a5 9. c3 Nbd7 10. Bh2 Ne4 11. Nbd2 Nxd2 12. Nxd2 e5 13. Qc2 Qg5 14. Bf3 Bxf3 15. Nxf3 Qe7 16. Rfd1 Rfd8 17. b4 Nf8 18. Qb3 Qe6 19. Qb2 Nd7 20. Nd2 c5 21.
dxc5 dxc5 22. b5 Rac8 23. c4 e4 24. Qc2 Bxa1 25. Rxa1 Ne5 26. Nxe4 Nxc4 27. Ng5 Qf6 28. Rc1 Rd2 29. Qxc4 Qxf2+ 30. Kh1 Qxg2# 0-1

[Event "Late-Titled-Tuesday-Blitz-September-26-2023"]
[Site "Chess.com"]
[Date "2023.09.26"]
[Round "7"]
[White "PNEPaul"]
[Black "aranibos"]
[Result "0-1"]
[WhiteElo "1943"]
[BlackElo "2276"]
[TimeControl "180+1"]
[EndTime "15:13:51 PDT"]
[Termination "aranibos won on time"]

1. e4 c6 2. d4 d5 3. exd5 cxd5 4.
c4 a6 5. Nc3 Nf6 6. Nf3 Bg4 7.
Be2 e6 8. O-O Nc6 9. c5 Bxf3 10.
Bxf3 Be7 11. a3 O-O 12. b4 b6 13. Be3 bxc5 14. dxc5 Rc8 15. Na4 d4 16. Bg5 e5 17.
Nb6 Rc7 18. Bxf6 Bxf6 19. Qa4 Nb8 20. Rad1 Re8 21. Be4 g6 22. Qb3 Bg7 23. Bd5 Nc6 24.
Bxc6 Rxc6 25. Nc4 Bf8 26. Qa4 Qc8 27. Nb6 Qb7 28. Nd5 Kg7 29. f4 e4 30. Rxd4 Rxc5 31. bxc5 Bxc5 32. Qc4 Qa7 33. Rd1 f6 34. Kf1 e3 35.
Qd3 Bxd4 36. Qxd4 e2+ 0-1

[Event "Late-Titled-Tuesday-Blitz-September-26-2023"]
[Site "Chess.com"]
[Date "2023.09.26"]
[Round "7"]
[White "melissa_guez"]
[Black "HajiyevKanan"]
[Result "1-0"]
[WhiteElo "2218"]
[BlackElo "2493"]
[TimeControl "180+1"]
[EndTime "15:13:52 PDT"]
[Termination "melissa_guez won on time"]

1. e4 c6 2. c4 d5 3. exd5 cxd5 4. cxd5 Nf6 5. Qa4+ Nbd7 6. Nc3 g6 7. Nf3 Bg7 8. Bc4 O-O 9. O-O a6 10. Bb3 b5 11. Qh4 Nc5 12. d4 Nxb3 13. axb3 Bb7 14. Bg5 Bxd5 15. Ne5 Qd6 16. Rfe1 Bxb3 17. Bf4 Qb6 18. d5 Rad8 19. Nc6 Nxd5 20. Nxd5 Bxd5 21. Nxd8 Rxd8 22. Qxe7 Bxb2 23. Bc7 Bf6 24. Bxb6 Bxe7 25. Bxd8 Bc5 26. Bf6 Kf8 27. Rac1 Bc4 28. Rcd1 Bb6 29. Rd6 Ba5 30. Red1 1-0

[Event "Late-Titled-Tuesday-Blitz-September-26-2023"]
[Site "Chess.com"]
[Date "2023.09.26"]
[Round "7"]
[White "Roedor"]
[Black "Mikhail_Golubev"]
[Result "0-1"]
[WhiteElo "2382"]
[BlackElo "2605"]
[TimeControl "180+1"]
[EndTime "15:13:54 PDT"]
[Termination "Mikhail_Golubev won on time"]

1. d4 Nf6 2. c4 g6 3. g3 Bg7 4. Bg2 O-O 5. Nc3 d6 6. Nf3 Nbd7 7. O-O e5 8. e4 Re8 9. h3 b6 10. Be3 exd4 11. Nxd4 Bb7 12. Qc2 Nc5 13. f3 Nh5 14.
Kh2 f5 15. Nd5 c6 16. Nf4 Nxf4 17. gxf4 d5 18. cxd5 cxd5 19. e5 Ne6 20. Rg1 Nxd4 21. Bxd4 Bh6 22. Bf1 Bxf4+ 23. Kh1 Bxe5 24. Bxe5 Rxe5 25.
f4 Re3 26. Qxf5 Qd6 27. Qg5 d4+ 28. Kh2 Rf8 29. Bc4+ Kh8 30. Rg4 d3 31. Rd1 Re2+ 0-1

[Event "Late-Titled-Tuesday-Blitz-September-26-2023"]
[Site "Chess.com"]
[Date "2023.09.26"]
[Round "7"]
[White "The_Princess_Moon"]
[Black "EsmeraldasAnderson03"]
[Result "0-1"]
[WhiteElo "2281"]
[BlackElo "2428"]
[TimeControl "180+1"]
[EndTime "15:13:54 PDT"]
[Termination "EsmeraldasAnderson03 won by resignation"]

1. e4 c5 2. Nf3 d6 3. c3 Nf6 4. h3 Nc6 5. Bd3 e6 6. Bc2 Be7 7. O-O O-O 8. Re1 b6 9. d4 cxd4 10. cxd4 Nb4 11. Nc3 Nxc2 12. Qxc2 Bb7 13.
Bg5 h6 14. Bh4 Rc8 15. Rad1 d5 16. Bxf6 Bxf6 17. e5 Be7 18. Qa4 Rc4 19. Qb3 Qc7 20. Nb5 Qd7 21. Nd6 Bxd6 22. exd6 Qxd6 23. Ne5 Rc7 24. Qf3 Rc2 25. Re2 Qc7 26. Rd3 Rc1+ 27. Kh2 Ba6 28. Ra3 Bxe2 29. Qxe2 f6 30. Rg3 fxe5 31.
dxe5 Rc2 32. Qg4 Qxe5 33. f4 Rxf4 34. Qg6 Rxg2+ 35. Kxg2 Qe2+ 36. Kh1 Rf1+ 37. Rg1 Qf3+ 38. Qg2 Qxg2+ 39. Kxg2 Rxg1+ 40. Kxg1 e5 41. Kf2 g5 42. Kf3 h5 43. Kg3 b5 44. h4 g4 0-1

[Event "Late-Titled-Tuesday-Blitz-September-26-2023"]
[Site "Chess.com"]
[Date "2023.09.26"]
[Round "7"]
[White "Zampronha1971"]
[Black "Rital44"]
[Result "0-1"]
[WhiteElo "2289"]
[BlackElo "2519"]
[TimeControl "180+1"]
[EndTime "15:13:55 PDT"]
[Termination "Rital44 won by checkmate"]

1. e4 e5 2. Nf3 Nc6 3. d4 exd4 4. Nxd4 Nf6 5. Nxc6 bxc6 6. e5 Qe7 7. Qe2 Nd5 8. c4 Ba6 9. b3 g6 10. f4 g5 11. fxg5 O-O-O 12. h4 h6 13. gxh6 Rxh6 14. Bg5 f6 15. exf6 Qb4+ 16. Qd2 Re8+ 17. Be2 Qb6 18.
f7 Re4 19. Bxh6 Nf4 20. Bxf4 Bb4 21. Nc3 Rxe2+ 22. Kxe2 d5 23. a3 Bf8 24. Na4 Qxb3 25.
Qd1 Bxc4+ 26. Kf2 Qb5 27. Kg1 Bb3 28. Qf1 Qxa4 29. Bg3 Qd4+ 30. Bf2 Qg7 31. Rb1 Bc4 32. h5 Bxf1 33. h6 Qxg2# 0-1

[Event "Late-Titled-Tuesday-Blitz-September-26-2023"]
[Site "Chess.com"]
[Date "2023.09.26"]
[Round "7"]
[White "ljm509"]
[Black "chesselephant"]
[Result "1-0"]
[WhiteElo "2348"]
[BlackElo "2514"]
[TimeControl "180+1"]
[EndTime "15:13:59 PDT"]
[Termination "ljm509 won by resignation"]

1. e4 e5 2. Nf3 Nc6 3. Bc4 Nf6 4. d3 Be7 5. O-O O-O 6. h3 d6 7. a4 Na5 8. Ba2 c5 9. Nc3 Nc6 10. Nd5 Be6 11. c3 a6 12. Bg5 Nxd5 13. exd5 Bxd5 14.
Bxd5 Bxg5 15. Qb3 Rb8 16. Qc4 Na5 17. Qg4 Bf6 18. Nd2 g6 19. f4 exf4 20. Ne4 Be5 21. Rad1 Nc6 22. Ng5 Bf6 23. Nxf7 Rxf7 24. Bxf7+ Kxf7 25.
Rxf4 Kg8 26. Rdf1 Bg7 27. Qe6+ Kh8 28. Rf7 Ne5 29. Rxg7 Kxg7 30. d4 cxd4 31. cxd4 Qe8 32.
Qf6+ Kg8 33. dxe5 dxe5 34. Rd1 Qf7 35. Qxe5 Re8 36. Qc3 Qe7 37. Kh1 Qf7 38. b4 Re7 39. b5 axb5 40. axb5 Rc7 41. Rd8+ 1-0

[Event "Late-Titled-Tuesday-Blitz-September-26-2023"]
[Site "Chess.com"]
[Date "2023.09.26"]
[Round "7"]
[White "realmadridfc123"]
[Black "GianmarcoVaR"]
[Result "0-1"]
[WhiteElo "2774"]
[BlackElo "2615"]
[TimeControl "180+1"]
[EndTime "15:14:08 PDT"]
[Termination "GianmarcoVaR won by resignation"]

1. Nf3 a6 2. c4 b5 3. e4 Bb7 4.
e5 bxc4 5. Bxc4 d5 6. Bb3 e6 7. O-O c5 8. d4 Nd7 9. Nc3 Ne7 10.
Bg5 h6 11. Bh4 g5 12. Bg3 Nf5 13. Bc2 Nxd4 14. Nxd4 cxd4 15. Qxd4 Bc5 16. Qd2 h5 17. h3 g4 18. h4 Be7 19. Ba4 Rc8 20.
Rac1 Bc6 21. Qe2 Bxa4 22. Nxa4 Ra8 23. Rc6 Bxh4 24. Bxh4 Qxh4 25. Rd6 g3 26. fxg3 Qxa4 27. Qf3 Rf8 28. Qxh5 Qd4+ 29. Rf2 Qxe5 30. Rxe6+ Qxe6 31. Re2 Ke7 32. Qg5+ Nf6 33. Rxe6+ fxe6 34. Qe5 Nd7 35. Qg5+ Kd6 36. g4 a5 37. Qe3 Rac8 38. g5 Rg8 39. a4 Rc4 40. b3 Rg4 41. Qc3 R4xg5 42. Qxa5 Rxg2+ 43. Kf1 Rg1+ 44. Ke2 R8g2+ 45. Ke3 Rg3+ 46. Kd2 R1g2+ 47. Ke1 Rxb3 48. Qa6+ Rb6 49. Qd3 Rb1+ 0-1

[Event "Late-Titled-Tuesday-Blitz-September-26-2023"]
[Site "Chess.com"]
[Date "2023.09.26"]
[Round "7"]
[White "angryspacevoid"]
[Black "imdarealist"]
[Result "0-1"]
[WhiteElo "2501"]
[BlackElo "2296"]
[TimeControl "180+1"]
[EndTime "15:14:09 PDT"]
[Termination "imdarealist won by resignation"]

1. f3 d5 2. Kf2 e5 3. e3 f5 4.
d4 Bd6 5. dxe5 Bxe5 6. f4 Bf6 7. Nc3 Ne7 8. Nf3 c6 9. h4 O-O 10. h5 h6 11. Bd2 Be6 12. Nd4 Bf7 13. Bd3 Qd7 14.
Qf3 c5 15. Bb5 Qc7 16. Nb3 c4 17. Nd4 a6 18. g4 Bxd4 19. exd4 axb5 20. g5 b4 21. gxh6 gxh6 22. Rag1+ Kh7 23. Nb5 Qc6 24. Qe3 Ng8 25. Bxb4 Re8 26. Qg3 Qf6 27. Bd6 Nc6 28. Be5 Nxe5 29. fxe5 Qg5 30. Qf3 Qd2+ 31. Kf1 Rxa2 32.
Qxf5+ Kh8 33. Rxg8+ Rxg8 34. Qf6+ Rg7 35. Qxh6+ Qxh6 0-1

[Event "Late-Titled-Tuesday-Blitz-September-26-2023"]
[Site "Chess.com"]
[Date "2023.09.26"]
[Round "7"]
[White "jcmesafischer"]
[Black "K_alena13"]
[Result "1-0"]
[WhiteElo "2328"]
[BlackElo "2134"]
[TimeControl "180+1"]
[EndTime "15:14:10 PDT"]
[Termination "jcmesafischer won on time"]

1. e4 e5 2. Nf3 Nc6 3. Bc4 Nf6 4. d3 Be7 5. c3 d6 6. b4 a6 7. a4 O-O 8. Qb3 h6 9. Nh4 Bd7 10. Ng6 b5 11. axb5 axb5 12. Rxa8 Qxa8 13. Bxb5 Re8 14. Bc4 Nd8 15. O-O Be6 16. Nxe7+ Rxe7 17. Nd2 c6 18. Bb2 d5 19. exd5 cxd5 20. Bb5 Qb8 21. Ba6 Ra7 22. b5 d4 23. c4 Nd7 24. Qa3 f6 25. c5 Kf7 26. b6 Ra8 27. Ne4 Bd5 28. Nd6+ Kg8 29. f4 Bc6 30. Bc4+ Kh8 31. Qb4 1-0

[Event "Late-Titled-Tuesday-Blitz-September-26-2023"]
[Site "Chess.com"]
[Date "2023.09.26"]
[Round "7"]
[White "GreatOwl02"]
[Black "NotFischer"]
[Result "0-1"]
[WhiteElo "2415"]
[BlackElo "2260"]
[TimeControl "180+1"]
[EndTime "15:14:11 PDT"]
[Termination "NotFischer won on time"]

1. Nf3 g6 2. d3 Bg7 3. e4 d6 4. g3 Nf6 5. Bg2 O-O 6. O-O Nc6 7. c4 Bg4 8. Be3 e5 9. h3 Bxf3 10. Bxf3 Nd4 11. Nc3 c5 12. Rb1 Qd7 13. Kg2 Ne8 14. Bxd4 cxd4 15. Nd5 Nc7 16. Nxc7 Qxc7 17. b4 b6 18. h4 Rac8 19. a4 h6 20. Qd2 Kh7 21. a5 Rb8 22. Ra1 h5 23. axb6 axb6 24. Ra6 b5 25.
cxb5 Rxb5 26. Rfa1 Bh6 27. Qe2 Rxb4 28. Ra7 Rb7 29.
Rxb7 Qxb7 30. Ra5 Rc8 31. Rd5 Bf8 32. Qa2 Rc3 33. Ra5 Rc7 34. Bd1 Kg7 35. Ba4 Qc8 36. Bb5 Rc2 37. Qa3 Qg4 38. Qa4 Qe2 0-1

[Event "Late-Titled-Tuesday-Blitz-September-26-2023"]
[Site "Chess.com"]
[Date "2023.09.26"]
[Round "7"]
[White "Kombinator01"]
[Black "vova-79"]
[Result "1-0"]
[WhiteElo "2443"]
[BlackElo "2597"]
[TimeControl "180+1"]
[EndTime "15:14:12 PDT"]
[Termination "Kombinator01 won by resignation"]

1. d4 d5 2. Bf4 Nf6 3. e3 c5 4. Nd2 cxd4 5. exd4 Nc6 6. c3 Bg4 7. Qb3 Qd7 8. Ngf3 Bxf3 9. Nxf3 e6 10. Bb5 Bd6 11. Ne5 Bxe5 12. Bxe5 O-O 13. Bxf6 gxf6 14. Bd3 Kh8 15. Qd1 Rg8 16. Qh5 Rg7 17. f4 f5 18.
g3 Ne7 19. O-O-O b5 20. h3 b4 21. c4 dxc4 22. Bxc4 Rc8 23. b3 Rxg3 24. Qxf7 Qd6 25.
Qf6+ Kg8 26. Kb1 Nd5 27. Bxd5 Qxd5 28. Rhg1 Rc3 29. Rc1 Qe4+ 30. Ka1 Qe3 31. Rxg3+ Qxg3 32. Qxe6+ Kh8 33. Qe5+ Kg8 34. Qe8+ Kg7 35. Qe7+ Kg8 36. Re1 Rc2 37. Qe8+ Kg7 38. Re7+ Kh6 39. Qf8+ Kh5 40. Rxh7+ 1-0